 Dungeon Crawl Stone Soup version 0.27.0-1-g7a089689b8 (webtiles) character file.

Game seed: 8459188310188869404

133 sasquatch the Gusty (level 5, -3/28 HPs)
             Began as a Tengu Air Elementalist on Aug 4, 2021.
             Slain by Grinder (9 damage)
             ... on level 3 of the Dungeon.
             The game lasted 00:05:33 (2824 turns).

sasquatch the Gusty (Tengu Air Elementalist)        Turns: 2824, Time: 00:05:35

Health: -3/28      AC:  2    Str:  8    XL:     5   Next: 16%
Magic:  5/19       EV: 14    Int: 17    God:
Gold:   133        SH:  0    Dex: 14    Spells: 3/9 levels left

rFire    . . .     SeeInvis .   e - +3 war axe
rCold    . . .     Faith    .   (no shield)
rNeg     . . .     Spirit   .   a - +0 robe
rPois    .         Reflect  .   (helmet restricted)
rElec    .         Harm     .   (no cloak)
rCorr    .         Rampage  .   (no gloves)
Will     .....                  (boots unavailable)
Stlth    ++........             (no amulet)
HPRegen  0.09/turn              f - ring of magical power
MPRegen  0.16/turn              (no ring)

@: flying quickly and evasively, quick
A: beak, talons 3, nimble flight
a: no special abilities


You were on level 3 of the Dungeon.
You visited 1 branch of the dungeon, and saw 3 of its levels.

You collected 133 gold pieces.

Inventory:

Hand Weapons
 e - a +3 war axe (weapon)
Missiles
 m - 5 javelins
Armour
 a - a +0 robe (worn)
Jewellery
 f - a ring of magical power (left hand)
 q - an amulet of guardian spirit
Wands
 r - a wand of iceblast (4)
Scrolls
 d - a scroll of blinking {unknown}
 g - 2 scrolls of enchant armour {unknown}
 i - a scroll of enchant weapon {unknown}
 j - a scroll of fog {unknown}
 k - a scroll of identify {unknown}
 n - a scroll of acquirement {unknown}
 o - 3 scrolls of amnesia {unknown}
 s - 3 scrolls of teleportation {unknown}
Potions
 b - 2 potions of brilliance {unknown}
 c - a potion of heal wounds {unknown}
 h - a potion of lignification {unknown}
 l - 2 potions of flight {unknown}
 p - 2 potions of mutation {unknown}


   Skills:
 - Level 2.1 Dodging
 - Level 2.0 Stealth
 + Level 2.7 Spellcasting
 * Level 4.1 Conjurations
 * Level 5.6 Air Magic


You had 3 spell levels left.
You knew the following spells:

 Your Spells              Type           Power      Damage    Failure   Level
a - Shock                 Conj/Air       76%        1d7       2%          1
b - Swiftness             Air            21%        N/A       5%          3
c - Static Discharge      Conj/Air       19%        N/A       3%          2

Your spell library contained the following spells:

 Spells                   Type           Power      Damage    Failure   Level
 Sandblast                Erth           4%         2d4       19%         1
 Passwall                 Tmut/Erth      1%         N/A       26%         2
 Airstrike                Air            10%        N/A       17%         4
 Lightning Bolt           Conj/Air       9%         1d22      54%         5
 Lee's Rapid Deconstruct  Erth           1%         3d5*      99%         5
 Maxwell's Capacitive Co  Air            10%        ∞         100%        8


Dungeon Overview and Level Annotations

Branches:
Dungeon (3/15)

Altars:
The Shining One

Shops:
D:2 *

Annotations:
D:3 Grinder, Sigmund


Innate Abilities, Weirdness & Mutations

You have a beak for a mouth.
You have claws for feet.
Your magical nature lets you fly swiftly and evasively.


Message History

The zap hits Grinder.
Grinder is heavily wounded.
Grinder gestures at you. Pain shoots through your body!
Unknown command.
Aiming: Shock (safe; 2% risk of failure)
Press: ? - help, Q - select action, (/) - cycle Shift-Dir - straight line, f/p - Grinder
Aim: Grinder (heavily wounded, 68% to hit)
The zap hits Grinder.
Grinder is severely wounded.
Grinder gestures at you.
You suddenly lose the ability to move!
Grinder says, "Just stop there for a second..."
Grinder hits you.
You writhe in agony.
You can move again.
Casting: Shock (safe; 2% risk of failure)
Confirm with . or Enter, or press ? or * to list all spells.
Okay, then.
Unknown command.
Casting: Shock (safe; 2% risk of failure)
Confirm with . or Enter, or press ? or * to list all spells.
Grinder is struck by an arc of lightning.
Grinder is severely wounded.
You are struck by an arc of lightning.
* * * LOW HITPOINT WARNING * * *
The lightning grounds out.
Grinder misses you.
Casting: Static Discharge (safe; 3% risk of failure)
Confirm with . or Enter, or press ? or * to list all spells.
Grinder is struck by an arc of lightning.
Grinder is almost dead.
The lightning grounds out.
Grinder barely misses you.
Unknown command.
Casting: Static Discharge (safe; 3% risk of failure)
Confirm with . or Enter, or press ? or * to list all spells.
Grinder is struck by an arc of lightning!
Grinder is almost dead.
You are struck by an arc of lightning.
* * * LOW HITPOINT WARNING * * *
The lightning grounds out.
Grinder hits you!
You die...

... #.# #.# #)# #.# ..#
#.# #..# #5#
#..########@#
#...........#
#..########.# #..# #.#
######..# #.#
........########†######.
######.....≈............
.......###≈≈≈....#######
##########.≈♣..###


You could see Grinder.

Vanquished Creatures
  A phantom (D:3)
  An adder (D:3)
  An adder skeleton (D:3)
  A dart slug (D:1)
  An orc (D:3)
  6 bats
  2 endoplasms
  3 giant cockroaches (D:2)
  2 goblins
  5 hobgoblins
  5 jackals (D:2)
  A quokka (D:2)
  A ball python (D:1)
  2 frilled lizards
  3 kobolds
  10 rats
45 creatures vanquished.

Vanquished Creatures (others)
  7 plants (D:3)
7 creatures vanquished.

Grand Total: 52 creatures vanquished

Notes
Turn   | Place    | Note
-------+----------+-------------------------------------------
     0 | D:1      | sasquatch the Tengu Air Elementalist began the quest for
                  | the Orb.
     0 | D:1      | Reached XP level 1. HP: 10/10 MP: 4/4
   374 | D:1      | Reached XP level 2. HP: 15/15 MP: 1/6
  1244 | D:2      | Found Lefytog's Assorted Antiques.
  1284 | D:2      | Reached XP level 3. HP: 19/19 MP: 7/7
  1314 | D:2      | Learned a level 3 spell: Swiftness
  1317 | D:2      | Learned a level 2 spell: Static Discharge
  2009 | D:3      | Found a glowing golden altar of the Shining One.
  2070 | D:3      | Noticed a phantom
  2080 | D:3      | Killed a phantom
  2081 | D:3      | Reached skill level 5 in Air Magic
  2081 | D:3      | Reached XP level 4. HP: 22/24 MP: 3/8
  2308 | D:3      | Gained mutation: Your magical nature lets you fly swiftly
                  | and evasively. [Tengu growth]
  2308 | D:3      | Reached XP level 5. HP: 28/28 MP: 9/9
  2441 | D:3      | Noticed Sigmund
  2800 | D:3      | Noticed Grinder
  2807 | D:3      | Paralysed by Grinder for 3 turns
  2818 | D:3      | Paralysed by Grinder for 4 turns
  2824 | D:3      | Slain by Grinder

Illustrated notes

Levels and vault maps discovered:
D:1:      psy_arrival_radial01, layout_loops_ring
D:2:      layout_loops_ring, serial_shops, nicolae_square_shop,
          minmay_fractal_squares_gapless_5
D:3:      layout_loops_ring, mainiacjoe_overflow_paths,
          ebering_ghost_inner_flame, serial_bayou, serial_bayou_pond_d,
          serial_bayou_pond_d, serial_bayou_shore_b, serial_bayou_pond_b,
          minmay_misc_feat_four_crosses, uniq_sigmund, uniq_grinder

Skill      XL: |  1  2  3  4 |
---------------+-------------+-----
Conjurations   | 2 3 4 |  4.1
Air Magic      | 5 |  5.6
Dodging        | |  2.1
Stealth        | |  2.0
Spellcasting   | |  2.7

Action                   |  1- 3 |  4- 6 || total
-------------------------+-------+-------++-------
Melee: War axe           |     7 |       ||     7
 Cast: Shock             |    51 |    38 ||    89
       Static Discharge  |     4 |     3 ||     7
Armor: Robe              |     5 |     3 ||     8
Dodge: Dodged            |    10 |     5 ||    15
